 Dungeon Crawl Stone Soup version 0.28-a0-998-gb9e9c7b67e (webtiles) character file.

Game seed: 5641008904078123931

164 ytrimaz the Shield-Bearer (level 5, -2/42 HPs)
             Began as a Formicid Fighter on Dec 5, 2021.
             Slain by a gnoll (8 damage)
             ... on level 3 of the Dungeon.
             The game lasted 00:02:52 (2691 turns).

ytrimaz the Shield-Bearer (Formicid Fighter)        Turns: 2691, Time: 00:02:52

Health: -2/42      AC:  9    Str: 23    XL:     5   Next: 73%
Magic:  5/5        EV:  9    Int:  7    God:
Gold:   99         SH:  4    Dex: 10    Spells: 4/4 levels left

rFire   . . .      SeeInvis +   a - +0 war axe
rCold   . . .      Faith    .   c - +0 buckler
rNeg    . . .      Spirit   .   b - +1 scale mail
rPois   .          Reflect  .   (helmet unavailable)
rElec   .          Harm     .   h - +0 cloak
rCorr   .          Rampage  .   (no gloves)
Will    .....                   (no boots)
Stlth   ..........              (no amulet)
HPRegen 0.14/turn               (no ring)
MPRegen 0.09/turn               (no ring)

@: mighty, brilliant
A: permanent stasis, dig shafts and tunnels, antennae 3, four strong arms
a: Dig, Shaft Self


You were on level 3 of the Dungeon.
You visited 1 branch of the dungeon, and saw 3 of its levels.

You collected 99 gold pieces.

Inventory:

Hand Weapons
 a - a +0 war axe (weapon)
Armour
 b - a +1 scale mail (worn)
 c - a +0 buckler (worn)
 h - a +0 cloak (worn)
Scrolls
 f - a scroll of enchant armour
Potions
 e - a potion of brilliance
 g - a potion of resistance


   Skills:
 * Level 4.2 Fighting
 + Level 3.4 Axes
 * Level 4.3 Armour
 * Level 4.5 Shields


You had 4 spell levels left.
You didn't know any spells.
Your spell library was empty.

Dungeon Overview and Level Annotations

Branches:
Dungeon (3/15)

Altars:

Shops:
D:2 [   D:3 [


Innate Abilities, Weirdness & Mutations

You cannot be hasted, slowed, berserked, paralysed or teleported.
You can dig through walls and to a lower floor.
You have a pair of large antennae on your head. (SInv)
Your four strong arms can wield two-handed weapons with a shield.


Message History

You block the adder's attack.
It was a potion of brilliance.
You feel clever all of a sudden. The adder barely misses you.
Unknown command.
You feel very mighty all of a sudden. You block the adder's attack.
You slash the adder!
You kill the adder!
The orc throws a boomerang.
You block the boomerang. The orc hits you but does no damage.
You see here an adder corpse.
You closely miss the orc.
The orc is severely wounded.
The orc hits you with a +0 mace. The orc hits you but does no damage.
Unknown command.
You slash the orc!
You kill the orc!
You barely miss the kobold. The kobold hits you but does no damage.
The gnoll hits you from afar with a +0 spear.
* * * LOW HITPOINT WARNING * * *
Unknown command.
You slash the kobold!
You kill the kobold!
The gnoll hits you but does no damage.
Unknown command.
The gnoll hits you with a +0 spear.
* * * LOW HITPOINT WARNING * * *
Items here: ( )) [ ††.
You closely miss the gnoll. The gnoll closely misses you.
You block the gnoll's attack.
You slash the gnoll!
The gnoll is severely wounded.
The gnoll hits you with a +0 spear.
* * * LOW HITPOINT WARNING * * *
Unknown command.
You barely miss the gnoll.
The gnoll is severely wounded.
The gnoll hits you with a +0 spear!
You die...

....../ .......
#.# ....... #.#
....... #.#
......g####.#
#..{...#.#
#.####.#.#
####.#.#######
########
#.....gg@†...#
#......#
############.#
#.####.#
####.#####.####.#
#............##.#
{
#.##.#####.#.....
#....# #.####.#
#....# #......# {
#.#### ######## {
#..# #


You could see 2 gnolls.

Vanquished Creatures
  Crazy Yiuf (D:2)
  Jessica (D:2)
  A gnoll (D:3)
  4 adders
  A dart slug (D:1)
  4 orcs (D:3)
  3 endoplasms
  2 giant cockroaches (D:1)
  8 goblins
  5 hobgoblins
  3 jackals (D:2)
  6 kobolds
  3 quokkas
  6 ball pythons
  4 bats
  A frilled lizard (D:1)
  5 rats
58 creatures vanquished.

Vanquished Creatures (others)
  2 plants (D:3)
2 creatures vanquished.

Grand Total: 60 creatures vanquished

Notes
Turn   | Place    | Note
-------+----------+-------------------------------------------
     0 | D:1      | ytrimaz the Formicid Fighter began the quest for the Orb.
     0 | D:1      | Reached XP level 1. HP: 18/18 MP: 1/1
   111 | D:1      | Reached XP level 2. HP: 24/24 MP: 2/2
  1028 | D:2      | Reached XP level 3. HP: 29/29 MP: 3/3
  1164 | D:2      | Found Baoludoc's Antique Armour Emporium.
  1179 | D:2      | Noticed Jessica
  1195 | D:2      | Killed Jessica
  1196 | D:2      | Reached XP level 4. HP: 26/37 MP: 4/4
  1762 | D:2      | Found a runed translucent door.
  1763 | D:2      | Noticed Crazy Yiuf
  1771 | D:2      | Killed Crazy Yiuf
  1772 | D:2      | Reached XP level 5. HP: 23/42 MP: 5/5
  2467 | D:3      | Found Cuzann's Antique Armour Emporium.
  2691 | D:3      | Slain by a gnoll

Illustrated notes

Levels and vault maps discovered:
D:1:      eino_arrival_cavern_a, layout_basic
D:2:      layout_basic, serial_shops, nicolae_shop_hallway_plus, uniq_jessica,
          uniq_crazy_yiuf_cottage
D:3:      layout_loops_cross, yredelemnul_forgotten_temple_becter, serial_shops,
          nicolae_lakefront_shop, nicolae_shop_overgrown_old_shop,
          shapermc_ecumenical_altar_notcrosses, uniq_grinder

Skill      XL: |  1  2  3  4 |
---------------+-------------+-----
Shields        | 4 |  4.5
Armour         | 4 |  4.3
Axes           | 3 |  3.4
Fighting       | 4 |  4.2

Action                   |  1- 3 |  4- 6 || total
-------------------------+-------+-------++-------
Melee: War axe           |    71 |   103 ||   174
 Abil: Dig               |     1 |       ||     1
  Use: Scroll            |     5 |     1 ||     6
       Potion            |       |     2 ||     2
Armor: Scale mail        |    47 |    74 ||   121
Dodge: Dodged            |    49 |    62 ||   111
Block: Buckler           |    22 |    25 ||    47

Table legend: (Time is in decaauts)
 A = Elapsed time spent in this place.
 B = Non-inter-level travel time spent in this place.
 C = Inter-level travel time spent in this place.
 D = Time resting spent in this place.
 E = Time spent auto-exploring this place.
 F = Levels seen in this place.
 G = Mean time per level.
                   A        B        C        D        E       F      G
               +--------+--------+--------+--------+--------+-----+--------+
         Total |   2753 |   2723 |     30 |    391 |   1820 |   3 |  917.7 |
       Dungeon |   2753 |   2723 |     30 |    391 |   1820 |   3 |  917.7 |
               +--------+--------+--------+--------+--------+-----+--------+

Top non-repeatable levels by time:
     D:2: 1405 daAuts
     D:1: 1028 daAuts
     D:3: 319 daAuts
